IL
LOUISVILLE STALLIONS @ ROCHESTER RED WINGS
08/17/1982
 
TOP OF THE 1ST
Louisville Stallions batting - Pitching for Rochester Red Wings : LHP Alex Gonzales
Pitching: LHP Alex Gonzales
Batting: RHB Stephen Dembowski 0-0: Foul Ball, location: 2F
0-1: Ball
1-1: Ball
2-1: Called Strike
2-2: Foul Ball, location: 2F
2-2: Ground out 3-1 (Groundball, 34, EV 95.0 MPH)
Batting: LHB Steven Mobberley 0-0: Ball
1-0: SINGLE (Groundball, 6S, EV 70.6 MPH) (infield hit)
Batting: RHB Devin Pike 0-0: SINGLE (Line Drive, 8RS, EV 103.1 MPH)
Steven Mobberley to second
Batting: SHB Orestes Destrade 0-0: Ball
1-0: Ball
2-0: Ball
3-0: Called Strike
3-1: Fly out, F8 (Flyball, 8RD, EV 92.5 MPH)
Runner from 2nd tags up, SAFE at 3rd with throw by CF
Batting: RHB Kelly Heath 0-0: Foul Ball, location: 2F
0-1: Foul Ball, location: 2F
0-2: Ball
1-2: Foul Ball, location: 2F
1-2: Ball
2-2: Ball
3-2: Fly out, F6 (Popup, 6M, EV 66.9 MPH)
Top of the 1st over - 0 runs, 2 hits, 0 errors, 2 left on base; Louisville 0 - Rochester 0
BOTTOM OF THE 1ST
Rochester Red Wings batting - Pitching for Louisville Stallions : RHP Jerry Ujdur
Pitching: RHP Jerry Ujdur
Batting: RHB Johnnie LeMaster 0-0: Ball
1-0: Foul Ball, location: 2F
1-1: SOLO HOME RUN (Flyball, 7D, EV 99.4 MPH), Distance : 369 ft
Batting: LHB Ed Amelung 0-0: Called Strike
0-1: Ball
1-1: Fly out, F8 (Flyball, 89D, EV 97.5 MPH)
Batting: SHB Jordan Ayala 0-0: Ball
1-0: Called Strike
1-1: Fly out, F9 (Flyball, 89D, EV 84.4 MPH)
Batting: RHB Gerry Davis 0-0: Ball
1-0: SINGLE (Line Drive, 9S, EV 108.8 MPH)
Batting: LHB Sid Bream 0-0: Ball
1-0: Ball
2-0: Called Strike
2-1: Ball
3-1: Called Strike
3-2: Strikes out swinging
Bottom of the 1st over - 1 run, 2 hits, 0 errors, 1 left on base; Louisville 0 - Rochester 1
TOP OF THE 2ND
Louisville Stallions batting - Pitching for Rochester Red Wings : LHP Alex Gonzales
Batting: LHB John Tucker 0-0: Called Strike
0-1: Ground out 4-3 (Groundball, 4, EV 76.3 MPH)
Batting: LHB Lawrence Grahek 0-0: Called Strike
0-1: Ball
1-1: Foul Ball, location: 2F
1-2: Foul Ball, location: 2F
1-2: Ball
2-2: Ground out 4-3 (Groundball, 4, EV 87.5 MPH)
Batting: LHB Ted May 0-0: Ball
1-0: Ball
2-0: Foul Ball, location: 2F
2-1: Ground out 5-3 (Groundball, 56S, EV 85.6 MPH)
Top of the 2nd over - 0 runs, 0 hits, 0 errors, 0 left on base; Louisville 0 - Rochester 1
BOTTOM OF THE 2ND
Rochester Red Wings batting - Pitching for Louisville Stallions : RHP Jerry Ujdur
Batting: RHB Joe Carter 0-0: Ball
1-0: Foul Ball, location: 2F
1-1: Ball
2-1: Ball
3-1: Foul Ball, location: 2F
3-2: Fly out, F3 (Line Drive, 3, EV 70.6 MPH)
Batting: LHB Dave Falcone 0-0: Fly out, F9 (Flyball, 9, EV 81.3 MPH)
Batting: RHB Tom Brookens 0-0: Ball
1-0: Ground out 4-3 (Groundball, 4, EV 91.9 MPH)
Bottom of the 2nd over - 0 runs, 0 hits, 0 errors, 0 left on base; Louisville 0 - Rochester 1
TOP OF THE 3RD
Louisville Stallions batting - Pitching for Rochester Red Wings : LHP Alex Gonzales
Batting: RHB Kiko Garcia 0-0: Foul Ball, location: 2F
0-1: Ball
1-1: Ball
2-1: Foul Ball, location: 2F
2-2: Ball
3-2: Base on Balls
Batting: RHB Stephen Dembowski 0-0: Ball
1-0: Called Strike
1-1: Ball
2-1: Ball
3-1: Called Strike
3-2: Grounds into double play, 6-4-3 (Groundball, 6, EV 102.5 MPH)
Batting: LHB Steven Mobberley 0-0: Ball
1-0: Ball
2-0: Foul Ball, location: 2F
2-1: Fly out, F7 (Line Drive, 7, EV 96.3 MPH)
Top of the 3rd over - 0 runs, 0 hits, 0 errors, 0 left on base; Louisville 0 - Rochester 1
BOTTOM OF THE 3RD
Rochester Red Wings batting - Pitching for Louisville Stallions : RHP Jerry Ujdur
Batting: RHB Jerry Dybzinski 0-0: Foul Ball, location: 2F
0-1: Called Strike
0-2: Reached on error, E1 (Groundball, 15, EV 73.1 MPH)
Batting: RHB Johnnie LeMaster 0-0: Called Strike
0-1: Ball
1-1: Fielders Choice at 2nd, 4-6 (Groundball, 4, EV 90.6 MPH)
Batting: LHB Ed Amelung 0-0: Ball
1-0: Ball
2-0: Fly out, F8 (Flyball, 8RM, EV 79.4 MPH)
Batting: SHB Jordan Ayala 0-0: Ball
Johnnie LeMaster is caught stealing 2nd base 2-6
Bottom of the 3rd over - 0 runs, 0 hits, 1 error, 0 left on base; Louisville 0 - Rochester 1
TOP OF THE 4TH
Louisville Stallions batting - Pitching for Rochester Red Wings : LHP Alex Gonzales
Batting: RHB Devin Pike 0-0: Ball
1-0: Called Strike
1-1: Foul Ball, location: 2F
1-2: Fly out, F8 (Flyball, 8LS, EV 97.5 MPH)
Batting: SHB Orestes Destrade 0-0: Called Strike
0-1: DOUBLE (Line Drive, 3D, EV 101.9 MPH)
Batting: RHB Kelly Heath 0-0: Called Strike
0-1: Ball
1-1: Ground out 1-5-3 (Groundball, 15S, EV 96.3 MPH)
Orestes Destrade to third
Batting: LHB John Tucker 0-0: SINGLE (Groundball, 34S, EV 66.9 MPH) (infield hit)
Orestes Destrade scores
Batting: LHB Lawrence Grahek 0-0: Called Strike
0-1: Ball
1-1: Ball
2-1: Ball
3-1: Swinging Strike
3-2: Base on Balls
John Tucker to second
Batting: LHB Ted May 0-0: Ball
1-0: Fly out, F7 (Flyball, 7D, EV 98.1 MPH)
Top of the 4th over - 1 run, 2 hits, 0 errors, 2 left on base; Louisville 1 - Rochester 1
BOTTOM OF THE 4TH
Rochester Red Wings batting - Pitching for Louisville Stallions : RHP Jerry Ujdur
Batting: SHB Jordan Ayala 0-0: Foul Ball, location: 2F
0-1: Ball
1-1: Ball
2-1: Called Strike
2-2: Strikes out swinging
Batting: RHB Gerry Davis 0-0: Called Strike
0-1: Foul Ball, location: 2F
0-2: Ground out 5-3 (Groundball, 56, EV 81.9 MPH)
Batting: LHB Sid Bream 0-0: Called Strike
0-1: SINGLE (Line Drive, 8LS, EV 101.9 MPH)
Batting: RHB Joe Carter 0-0: Called Strike
0-1: Swinging Strike
0-2: Ball
1-2: Fly out, F7 (Flyball, 78M, EV 87.5 MPH)
Bottom of the 4th over - 0 runs, 1 hit, 0 errors, 1 left on base; Louisville 1 - Rochester 1
TOP OF THE 5TH
Louisville Stallions batting - Pitching for Rochester Red Wings : LHP Alex Gonzales
Batting: RHB Kiko Garcia 0-0: Swinging Strike
0-1: Foul Ball, location: 2F
0-2: Strikes out swinging
Batting: RHB Stephen Dembowski 0-0: Ball
1-0: Called Strike
1-1: Ball
2-1: Ball
3-1: Foul Ball, location: 2F
3-2: Base on Balls
Batting: LHB Steven Mobberley 0-0: Ball
1-0: Ball
2-0: Called Strike
2-1: Called Strike
2-2: Ball
3-2: Foul Ball, location: 2F
3-2: Fly out, F9 (Flyball, 9LM, EV 106.3 MPH)
Batting: RHB Devin Pike 0-0: Ball
1-0: Ball
2-0: Called Strike
2-1: Fielders Choice at 2nd, 5-4 (Groundball, 5, EV 103.8 MPH)
Top of the 5th over - 0 runs, 0 hits, 0 errors, 1 left on base; Louisville 1 - Rochester 1
BOTTOM OF THE 5TH
Rochester Red Wings batting - Pitching for Louisville Stallions : RHP Jerry Ujdur
Batting: LHB Dave Falcone 0-0: Called Strike
0-1: Ball
1-1: Foul Ball, location: 2F
1-2: Ball
2-2: Foul Ball, location: 2F
2-2: Foul Ball, location: 2F
2-2: Ground out 5-3 (Groundball, 56S, EV 67.5 MPH)
Batting: RHB Tom Brookens 0-0: Ball
1-0: SINGLE (Groundball, 56D, EV 97.5 MPH)
Batting: RHB Jerry Dybzinski 0-0: Ball
1-0: Ball
2-0: Called Strike
Tom Brookens steals 2nd base
2-1: Ball
3-1: Foul Ball, location: 2F
3-2: Foul Ball, location: 2F
3-2: Ground out U3 (Groundball, 34, EV 84.4 MPH)
Tom Brookens to third
Batting: RHB Johnnie LeMaster 0-0: Foul Ball, location: 2F
0-1: Ground out 1-3 (Groundball, 34S, EV 71.9 MPH)
Bottom of the 5th over - 0 runs, 1 hit, 0 errors, 1 left on base; Louisville 1 - Rochester 1
TOP OF THE 6TH
Louisville Stallions batting - Pitching for Rochester Red Wings : LHP Alex Gonzales
Batting: SHB Orestes Destrade 0-0: Called Strike
0-1: Ground out 6-3 (Groundball, 6, EV 83.8 MPH)
Batting: RHB Kelly Heath 0-0: Called Strike
0-1: Called Strike
0-2: Strikes out swinging
Batting: LHB John Tucker 0-0: Ball
1-0: Foul Ball, location: 2F
1-1: SINGLE (Groundball, 34S, EV 72.5 MPH) (infield hit)
Batting: LHB Lawrence Grahek 0-0: Ground out U3 (Groundball, 3, EV 101.3 MPH)
Top of the 6th over - 0 runs, 1 hit, 0 errors, 1 left on base; Louisville 1 - Rochester 1
BOTTOM OF THE 6TH
Rochester Red Wings batting - Pitching for Louisville Stallions : RHP Jerry Ujdur
Batting: LHB Ed Amelung 0-0: Ball
1-0: Foul Ball, location: 2F
1-1: Ball
2-1: Ground out 4-3 (Groundball, 4, EV 98.8 MPH)
Batting: SHB Jordan Ayala 0-0: Ball
1-0: Fly out, F2 (Popup, 3SF, EV 70.6 MPH)
Batting: RHB Gerry Davis 0-0: Foul Ball, location: 2F
0-1: Ball
1-1: Foul Ball, location: 2F
1-2: Ball
2-2: Ball
3-2: SINGLE (Line Drive, 7LS, EV 103.1 MPH)
Batting: LHB Sid Bream 0-0: Foul Ball, location: 2F
0-1: Swinging Strike
0-2: Ball
1-2: Ball
Gerry Davis steals 2nd base
2-2: Ball
3-2: Base on Balls
Batting: RHB Joe Carter 0-0: Called Strike
0-1: Swinging Strike
0-2: Ball
1-2: Fielders Choice at 2nd, 5-4 (Groundball, 5, EV 79.4 MPH)
Bottom of the 6th over - 0 runs, 1 hit, 0 errors, 2 left on base; Louisville 1 - Rochester 1
TOP OF THE 7TH
Louisville Stallions batting - Pitching for Rochester Red Wings : LHP Alex Gonzales
Batting: LHB Ted May 0-0: Ball
1-0: Ball
2-0: Swinging Strike
2-1: Ball
3-1: Fly out, F7 (Flyball, 7S, EV 90.0 MPH)
Batting: RHB Kiko Garcia 0-0: Called Strike
0-1: Called Strike
0-2: Strikes out swinging
Batting: RHB Stephen Dembowski 0-0: Ground out U3 (Groundball, 3, EV 85.0 MPH)
Top of the 7th over - 0 runs, 0 hits, 0 errors, 0 left on base; Louisville 1 - Rochester 1
BOTTOM OF THE 7TH
Rochester Red Wings batting - Pitching for Louisville Stallions : RHP Jerry Ujdur
Batting: LHB Dave Falcone 0-0: Ball
1-0: Ground out 6-3 (Groundball, 6S, EV 80.6 MPH)
Batting: RHB Tom Brookens 0-0: Called Strike
0-1: Ball
1-1: Foul Ball, location: 2F
1-2: Ball
2-2: Foul Ball, location: 2F
2-2: Ground out 5-3 (Groundball, 56S, EV 73.1 MPH)
Batting: RHB Jerry Dybzinski 0-0: Called Strike
0-1: Foul Ball, location: 2F
0-2: SINGLE (Groundball, 4D, EV 94.4 MPH)
Batting: RHB Johnnie LeMaster 0-0: Foul Ball, location: 2F
0-1: Ball
1-1: Ball
2-1: Swinging Strike
2-2: Ball
3-2: Fly out, F9 (Line Drive, 9D, EV 93.1 MPH)
Bottom of the 7th over - 0 runs, 1 hit, 0 errors, 1 left on base; Louisville 1 - Rochester 1
TOP OF THE 8TH
Louisville Stallions batting - Pitching for Rochester Red Wings : LHP Alex Gonzales
Batting: LHB Steven Mobberley 0-0: Called Strike
0-1: Foul Ball, location: 2F
0-2: Ball
1-2: Fly out, F3 (Line Drive, 3, EV 71.9 MPH)
Batting: RHB Devin Pike 0-0: Called Strike
0-1: Fly out, F6 (Flyball, 6D, EV 89.4 MPH)
Batting: SHB Orestes Destrade 0-0: Called Strike
0-1: Ball
1-1: Ball
2-1: Ball
3-1: SINGLE (Line Drive, 89M, EV 85.6 MPH)
Batting: RHB Kelly Heath 0-0: Ball
1-0: Called Strike
1-1: Ball
2-1: Swinging Strike
2-2: Ground out 5-3 (Groundball, 56S, EV 65.6 MPH)
Top of the 8th over - 0 runs, 1 hit, 0 errors, 1 left on base; Louisville 1 - Rochester 1
BOTTOM OF THE 8TH
Rochester Red Wings batting - Pitching for Louisville Stallions : RHP Jerry Ujdur
Pitching: RHP Jeff Taylor
Batting: LHB Ed Amelung 0-0: Called Strike
0-1: Foul Ball, location: 2F
0-2: Foul Ball, location: 2F
0-2: Ball
1-2: Ground out 5-3 (Groundball, 56S, EV 90.0 MPH)
Batting: SHB Jordan Ayala 0-0: Called Strike
0-1: Foul Ball, location: 2F
0-2: Ground out U3 (Groundball, 34, EV 85.0 MPH)
Batting: RHB Gerry Davis 0-0: Ball
1-0: Ball
2-0: Ball
3-0: Base on Balls
Batting: LHB Sid Bream 0-0: Called Strike
0-1: Fly out, F7 (Flyball, 7, EV 85.0 MPH)
Bottom of the 8th over - 0 runs, 0 hits, 0 errors, 1 left on base; Louisville 1 - Rochester 1
TOP OF THE 9TH
Louisville Stallions batting - Pitching for Rochester Red Wings : LHP Alex Gonzales
Pitching: LHP Ray Searage
Pinch Hitting: SHB Gerald DeSimone 0-0: Called Strike
0-1: Foul Ball, location: 2F
0-2: Foul Ball, location: 2F
0-2: Ground out 4-3 (Groundball, 4, EV 108.1 MPH)
Batting: LHB Lawrence Grahek 0-0: Foul Ball, location: 2F
0-1: Ball
1-1: Ball
2-1: Called Strike
2-2: Foul Ball, location: 2F
2-2: Foul Ball, location: 2F
2-2: Strikes out swinging
Batting: LHB Ted May 0-0: Foul Ball, location: 2F
0-1: Foul Ball, location: 2F
0-2: Ground out 4-3 (Groundball, 4, EV 87.5 MPH)
Top of the 9th over - 0 runs, 0 hits, 0 errors, 0 left on base; Louisville 1 - Rochester 1
BOTTOM OF THE 9TH
Rochester Red Wings batting - Pitching for Louisville Stallions : RHP Jeff Taylor
Now in LF: Gordy Hodgson
Batting: RHB Joe Carter 0-0: Foul Ball, location: 2F
0-1: SINGLE (Line Drive, 8RS, EV 105.0 MPH)
Batting: LHB Dave Falcone 0-0: Ball
1-0: Called Strike
1-1: Ball
2-1: Swinging Strike
2-2: Ball
3-2: Strikes out swinging
Joe Carter steals 2nd base
Batter strikes out.
Pinch Hitting: RHB Pat Casey 0-0: Intentional Walk
Batting: RHB Jerry Dybzinski 0-0: Bunt missed!
0-1: Ball
1-1: Reached on error, E5 (Groundball, 25, EV 43.8 MPH)
Joe Carter to third
Pat Casey to second
Pinch Hitting: RHB Marc Rhea 0-0: Called Strike
0-1: Swinging Strike
0-2: Foul Ball, location: 2F
0-2: Ball
1-2: Foul Ball, location: 2F
1-2: Fly out, F7 (Flyball, 7, EV 98.8 MPH)
Runner from 3rd tags up, SCORES, no throw by LF
Bottom of the 9th over - 1 run, 1 hit, 1 error, 0 left on base; Louisville 1 - Rochester 2
Monday, August 24th, 2020 - OOTP Baseball 21.5 Build 76